 Dungeon Crawl Stone Soup version 0.22.0-38-g04b72b8c25 (webtiles) character file.

80 LLavrengius the Skirmisher (level 4, -4/29 HPs)
             Began as a Gargoyle Fighter on Aug 29, 2018.
             Was an Initiate of Elyvilon.
             Slain by Duvessa
             ... wielding a +0 rapier
              (7 damage)
             ... on level 3 of the Dungeon.
             The game lasted 00:04:43 (1072 turns).

LLavrengius the Skirmisher (Gargoyle Fighter)       Turns: 1072, Time: 00:04:43

Health: -4/29      AC: 11    Str: 20    XL:     4   Next: 39%
Magic:  4/4        EV:  7    Int:  9    God:    Elyvilon [......]
Gold:   18         SH:  9    Dex:  9    Spells: 3/3 levels left

rFire    . . .     SeeInvis .   a - +0 flail
rCold    . . .     Gourm    .   c - +0 shield
rNeg     + . .     Faith    .   b - +0 scale mail
rPois    ∞         Spirit   .   (no helmet)
rElec    +         Reflect  .   (no cloak)
rCorr    .         Harm     .   (no gloves)
MR       .....                  e - +0 pair of boots
Stlth    ..........             (no amulet)
HPRegen  0.09/turn              (no ring)
MPRegen  0.09/turn              (no ring)

@: no status effects
A: negative energy resistance 1, electricity resistance, unbreathing,
petrification resistance, rot immunity, AC +3
a: Renounce Religion


You were on level 3 of the Dungeon.
You worshipped Elyvilon.
Elyvilon was noncommittal.
You were hungry.

You visited 1 branch of the dungeon, and saw 4 of its levels.

You collected 18 gold pieces.

Inventory:

Hand Weapons
 a - a +0 flail (weapon)
Missiles
 l - 14 poisoned needles
 m - 89 stones (quivered)
Armour
 b - a +0 scale mail (worn)
 c - a +0 shield (worn)
 e - a +0 pair of boots (worn)
Jewellery
 j - an uncursed amulet of guardian spirit {unknown}
Scrolls
 g - a scroll of blinking {unknown}
 h - 3 scrolls of remove curse {unknown}
 k - 2 scrolls of magic mapping {unknown}
 p - a scroll of fear {unknown}
 q - 2 scrolls of identify {unknown}
 r - a scroll of enchant weapon {unknown}
Potions
 d - 2 potions of might
 i - a potion of degeneration {unknown}
 o - a potion of magic {unknown}
Comestibles
 f - 3 rations


   Skills:
 + Level 4.1 Fighting
 * Level 3.8 Maces & Flails
 - Level 3.2 Armour
 - Level 3.2 Shields


You had 3 spell levels left.
You didn't know any spells.
Your spell library was empty.

Dungeon Overview and Level Annotations

Branches:
Dungeon (4/15)
 Temple: D:4-7

Altars:
Elyvilon

Annotations:
D:1 1 runed door
D:3 2 runed doors, Dowan; Duvessa; SaintSock's ghost, amateur GrEE


Innate Abilities, Weirdness & Mutations

You are resistant to torment.
Your stone body is resilient. (AC +3)
You are immune to poison.
You resist negative energy. (rN+)
You are resistant to electric shocks. (rElec)
You can survive without breathing.
You are immune to petrification.
You are immune to rotting.


Message History

Level annotation: 2 runed doors, SaintSock's ghost, amateur GrEE
There is a stone staircase leading down here.
Dowan hits you but does no damage. Duvessa barely misses you.
Dowan gestures wildly while chanting.
Dowan blinks!
Duvessa hits you but does no damage. Duvessa hits you with a rapier.
You block Duvessa's attack.
Duvessa says, "When magic and the sword combine, nothing stands against them."
Dowan gestures at Duvessa while chanting.
Duvessa seems to speed up.
Duvessa barely misses you.
Duvessa gestures with her weapon.
Duvessa hits you but does no damage. You block Duvessa's attack.
You block Duvessa's attack. Duvessa hits you with a rapier.
Duvessa hits you with a rapier!
* * * LOW HITPOINT WARNING * * *
Duvessa hits you with a rapier!
You die...

##.#.###).#.........##.##...#.#.#
#.#.# #.)#.........##.##.....#.#
##.#.###............##...#......#
..........#.........####.#.......
#.#.....#.#.........##...#..#####
................######.###..#####
#.#.#####.#.###..# ##...#..#....
#.#.# #.#.# ##.# #....#..#....
#.#.# #.#.# #@## #....#..'....
#.#.#####.#.####e.###...###.#....
#...................#.......#....
####....#...........#....##.#....
...+....#...........#....##.#....
####....##..........##...##......
#....##......e...##...##.#....
#######......))[.##...##.#....
#...........##..##...##.#####


You could see Duvessa and Dowan.

Vanquished Creatures
  Jessica (D:2)
  2 adders (D:3)
  An ooze (D:3)
  A leopard gecko (D:3)
  6 orcs (D:3)
  2 bats (D:3)
  A giant cockroach (D:3)
  3 hobgoblins
  A quokka (D:4)
  2 ball pythons
  A frilled lizard (D:3)
  2 kobolds
  3 rats
26 creatures vanquished.

Notes
Turn   | Place    | Note
-------+----------+-------------------------------------------
     0 | D:1      | LLavrengius the Gargoyle Fighter began the quest for the Orb.
     0 | D:1      | Reached XP level 1. HP: 14/14 MP: 1/1
     1 | D:1      | Found a runed door.
     9 | D:2      | Noticed Jessica
    16 | D:2      | Killed Jessica
    16 | D:2      | Reached XP level 2. HP: 18/20 MP: 2/2
    16 | D:2      | Reached XP level 3. HP: 21/24 MP: 3/3
   276 | D:4      | Noticed a scorpion
   472 | D:3      | Reached skill level 4 in Fighting
   472 | D:3      | Reached XP level 4. HP: 28/29 MP: 4/4
   792 | D:3      | Found a large runed door.
   793 | D:3      | Found a large runed door.
   798 | D:3      | Noticed SaintSock's ghost (amateur GrEE)
   821 | D:3      | Found a white marble altar of Elyvilon.
   844 | D:3      | Became a worshipper of Elyvilon the Healer
  1028 | D:4      | Noticed Dowan
  1028 | D:4      | Noticed Duvessa
  1072 | D:3      | Slain by Duvessa

Skill      XL: |  1  2  3 |
---------------+----------+-----
Maces & Flails | 3 |  3.8
Fighting       | 4 |  4.1
Armour         | |  3.2
Shields        | |  3.2

Action                   |  1- 3 |  4- 6 || total
-------------------------+-------+-------++-------
Melee: Flail             |    59 |    53 ||   112
Throw: Stone             |       |     2 ||     2
Armor: Scale mail        |    47 |    34 ||    81
Dodge: Dodged            |    28 |    12 ||    40
Block: Shield            |    38 |    35 ||    73
